 Dungeon Crawl Stone Soup version 0.26-b1-32-g5d43845318 (webtiles) character file.

Game seed: 6026381754163551033

11571 inmateoo the Fighter (level 12, -13/75 HPs)
             Began as a Kobold Transmuter on Jan 13, 2021.
             Was an Elder of Cheibriados.
             Mangled by a boulder beetle (25 damage)
             ... on level 12 of the Dungeon.
             The game lasted 00:16:20 (15541 turns).

inmateoo the Fighter (Kobold Transmuter)           Turns: 15541, Time: 00:16:20

Health: -13/75     AC:  7    Str: 18    XL:     12   Next: 9%
Magic:  22/23      EV: 21    Int: 35    God:    Cheibriados [****..]
Gold:   843        SH:  0    Dex: 25    Spells: 11/26 levels left

rFire    . . .     SeeInvis +     - Unarmed
rCold    . . .     Faith    .   (shield currently unavailable)
rNeg     + . .     Spirit   .   E - +2 robe {rN+}
rPois    .         Reflect  .   C - +1 helmet {SInv}
rElec    .         Harm     .   z - +0 cloak
rCorr    .         Rampage  .   (gloves currently unavailable)
Will     .....                  (no boots)
Stlth    +++++.....             (no amulet)
HPRegen  0.22/turn              n - +6 ring of intelligence
MPRegen  0.18/turn              j - +4 ring of slaying

@: blade hands, very slow
A: small, nightstalker 3
a: End Transformation, Renounce Religion, Bend Time, Temporal Distortion, Slouch


You were on level 12 of the Dungeon.
You worshipped Cheibriados.
Cheibriados was greatly pleased with you.
You had blades for hands.
You visited 2 branches of the dungeon, and saw 13 of its levels.

You collected 843 gold pieces.

Inventory:

Hand Weapons
 f - the +4 hand axe of Broken Luck {flame, Str+2}
   (You found it on level 8 of the Dungeon)

   It has been specially enchanted to burn those struck by it, causing extra
   injury to most foes and up to half again as much damage against particularly
   susceptible opponents.
   Big, fiery blades are also staple armaments of hydra-hunters.
   It affects your strength (+2).
Missiles
 A - 2 throwing nets (quivered)
Armour
 m - a +0 pair of gloves (melded)
 y - a +3 leather armour of cold resistance
 z - a +0 cloak (worn)
 C - a +1 helmet of see invisible (worn)
 E - a +2 robe of positive energy (worn)
Magical Staves
 r - an uncursed staff of earth
Jewellery
 c - an uncursed ring of ice
 i - an uncursed ring of fire
 j - a +4 ring of slaying (right scythe-like blade)
 n - a +6 ring of intelligence (left scythe-like blade)
 s - a +6 ring of intelligence
 K - an uncursed ring of resist corrosion
Wands
 u - a wand of enslavement (10)
 F - a wand of digging (4)
 H - a wand of flame (31)
 J - a wand of polymorph (11)
Scrolls
 b - 8 scrolls of remove curse
 d - 5 scrolls of fear
 l - 9 scrolls of enchant armour
 v - 2 scrolls of amnesia
 x - 2 scrolls of blinking
 B - 4 scrolls of teleportation
 D - a scroll of magic mapping
Potions
 a - a potion of magic
 e - 2 potions of heal wounds
 g - a potion of invisibility
 h - 4 potions of curing
 k - 2 potions of attraction
 o - a potion of brilliance
 p - 3 potions of haste
 q - 2 potions of mutation
 t - a potion of might {unknown}
 G - a potion of flight


   Skills:
 + Level 8.5 Fighting
 + Level 6.5 Dodging
 - Level 8.0 Stealth
 + Level 8.2 Unarmed Combat
 + Level 7.5 Spellcasting
 + Level 6.7 Transmutations
 - Level 5.0 Ice Magic
 - Level 5.0 Poison Magic
 + Level 4.7 Invocations


You had 11 spell levels left.
You knew the following spells:

 Your Spells              Type           Power        Failure   Level
a - Beastly Appendage     Tmut           100%         9%          1
b - Wereblood             Tmut           57%          10%         2
c - Spider Form           Tmut/Pois      26%          14%         3
d - Ice Form              Ice/Tmut       53%          24%         4
e - Blade Hands           Tmut           28%          34%         5

Your spell library contained the following spells:

 Spells                   Type           Power        Failure   Level
 Magic Dart               Conj           52%          26%         1
 Blink                    Tloc           N/A          32%         2
 Call Imp                 Summ           13%          32%         2
 Slow                     Hex            13%          32%         2
 Mephitic Cloud           Conj/Pois/Air  24%          32%         3
 Conjure Flame            Conj/Fire      13%          45%         3


Dungeon Overview and Level Annotations

Branches:
Dungeon (12/15)            Temple (1/1) D:7            Lair (0/6) D:9
    Orc: D:9-12

Altars:
Ashenzari
Cheibriados
Dithmenos
Elyvilon
Fedhas
Gozag
Hepliaklqana
Kikubaaqudgha
Makhleb
Okawaru
Qazlal
Ru
Sif Muna
Trog
Uskayaw
Vehumet
Wu Jian
Xom
Yredelemnul
Zin
The Shining One

Shops:
D:5 (   D:7 }   D:9 *   D:10 :

Annotations:
D:5 3 runed translucent doors, Namnaref's ghost, amateur GrBe
D:10 2 transporters


Innate Abilities, Weirdness & Mutations

You are small and have problems with some larger weapons.
You are completely attuned to the shadows.


Message History

The boulder beetle closely misses you.
You slash the boulder beetle!
The boulder beetle is moderately wounded.
The boulder beetle bites you!
You hit the boulder beetle but do no damage.
The boulder beetle is moderately wounded.
You hit the boulder beetle.
The boulder beetle is moderately wounded.
The boulder beetle bites you!
You slice the boulder beetle!!
The boulder beetle is severely wounded.
You hear a howl!
You hear an angry hiss.
The boulder beetle bites you!
* * * LOW HITPOINT WARNING * * *
A howler monkey comes into view.
Unknown command.
You hit the boulder beetle but do no damage.
The boulder beetle is severely wounded.
The boulder beetle bites you!!
You die...

######..#.#
#.......#...
#.......#....
#.......#..##
#.......h.
#.......#.
#.......#
######.B#
#.@# #†)).#
#..#..#
#..#... #..#
#.


You could see a boulder beetle and a howler monkey.

Vanquished Creatures
  Harold (D:10)
  2 two-headed ogres
  2 ugly things
  A centaur zombie (D:10)
  2 centaur skeletons
  Psyche (D:11)
  2 trolls (D:9)
  4 slime creatures
  A shadow (D:11)
  9 yaks
  Eustachio (D:6)
  A basilisk (D:12)
  A soldier ant (D:11)
  Duvessa (D:7)
  2 water moccasins
  An ice beast (D:7)
  3 orc warriors
  2 black bears
  3 sky beasts
  3 phantoms
  4 ogres
  3 centaurs
  3 bullfrogs
  A gnoll sergeant (D:10)
  A wyvern zombie (D:8)
  Dowan (D:7)
  2 scorpions
  A wyvern skeleton (D:9)
  11 wights
  7 killer bees
  2 howler monkeys (D:11)
  A crimson imp (D:8)
  A quasit (D:9)
  4 jellies
  2 gnoll shamans (D:8)
  4 orc priests
  2 bullfrog skeletons
  5 hounds
  2 iguanas
  2 orc wizards
  9 worker ants
  A hound skeleton (D:7)
  16 adders
  11 gnolls
  3 shadow imps
  4 white imps
  4 ufetubi
  13 oozes
  2 adder zombies
  An adder skeleton (D:8)
  2 dart slugs
  4 leopard geckos
  25 orcs
  A ball python (D:1)
  2 bats
  2 giant cockroaches
  4 goblins (D:1)
  5 hobgoblins
  A jackal (D:4)
  3 quokkas
  3 frilled lizards
  A jackal skeleton (D:8)
  A jackal zombie (D:9)
  15 kobolds
  A leopard gecko skeleton (D:4)
  A leopard gecko zombie (D:9)
  A quokka skeleton (D:4)
  A quokka zombie (D:8)
  10 rats
249 creatures vanquished.

Vanquished Creatures (others)
  3 fungi (D:2)
  7 toadstools (D:2)
  6 withered plants (D:6)
16 creatures vanquished.

Grand Total: 265 creatures vanquished

Notes
Turn   | Place    | Note
-------+----------+-------------------------------------------
     0 | D:1      | inmateoo the Kobold Transmuter began the quest for the Orb.
     0 | D:1      | Reached XP level 1. HP: 12/12 MP: 3/3
   538 | D:1      | Reached XP level 2. HP: 16/16 MP: 5/5
  1069 | D:1      | Learned a level 2 spell: Wereblood
  1079 | D:1      | Reached XP level 3. HP: 21/21 MP: 6/6
  1261 | D:1      | Reached skill level 1 in Stealth
  1408 | D:2      | Learned a level 3 spell: Spider Form
  1996 | D:2      | Reached XP level 4. HP: 26/26 MP: 8/8
  2095 | D:2      | Reached skill level 1 in Poison Magic
  2095 | D:2      | Reached XP level 5. HP: 22/31 MP: 9/9
  3136 | D:3      | Found a faded altar of an unknown god.
  3303 | D:3      | Found a hazy altar of Hepliaklqana.
  3350 | D:3      | Found a glowing silver altar of Zin.
  3409 | D:3      | Found a radiant altar of Vehumet.
  3504 | D:3      | Reached XP level 6. HP: 36/36 MP: 11/11
  3574 | D:3      | Learned a level 4 spell: Ice Form
  3914 | D:4      | Found an iron altar of Okawaru.
  4607 | D:5      | Entered Level 5 of the Dungeon
  4670 | D:5      | Reached skill level 1 in Ice Magic
  4670 | D:5      | Reached XP level 7. HP: 32/41 MP: 12/12
  5508 | D:5      | Found a runed translucent gate.
  5509 | D:5      | Found a runed translucent gate.
  5510 | D:5      | Found a runed translucent gate.
  5535 | D:5      | Found a bloodstained altar of Trog.
  5629 | D:5      | Found Ikkuth's Weapon Shop.
  5706 | D:5      | Noticed a water moccasin
  5749 | D:5      | Killed a water moccasin
  5750 | D:5      | Reached XP level 8. HP: 42/48 MP: 10/14
  6196 | D:5      | Noticed Namnaref's ghost (amateur GrBe)
  6792 | D:6      | Noticed Eustachio
  7549 | D:6      | Found an ancient bone altar of Kikubaaqudgha.
  7610 | D:6      | Killed Eustachio
  8239 | D:7      | Reached XP level 9. HP: 46/52 MP: 3/15
  8558 | D:7      | Reached skill level 5 in Transmutations
  8562 | D:7      | Noticed Duvessa
  8563 | D:7      | Noticed Dowan
  8570 | D:7      | Killed Duvessa
  8581 | D:7      | Killed Dowan
  8691 | D:7      | Found a glowing silver altar of Zin.
  8924 | D:7      | Found a staircase to the Ecumenical Temple.
  8948 | Temple   | Entered the Ecumenical Temple
  9006 | Temple   | Became a worshipper of Cheibriados the Contemplative
  9318 | D:7      | Reached skill level 5 in Stealth
  9327 | D:7      | Reached skill level 5 in Poison Magic
  9711 | D:7      | Found Ceohi's Gadget Boutique.
 10000 | D:8      | Reached * piety under Cheibriados
 10003 | D:8      | Reached skill level 5 in Ice Magic
 10088 | D:8      | Reached skill level 5 in Unarmed Combat
 10155 | D:8      | Reached skill level 5 in Fighting
 10410 | D:8      | Reached skill level 5 in Spellcasting
 10416 | D:8      | Noticed a two-headed ogre
 10685 | D:8      | Found a broken altar of Ashenzari.
 10696 | D:8      | Found a basalt altar of Yredelemnul.
 10699 | D:8      | Got a masterwork ring mail
 10707 | D:8      | Identified the cursed +0 ring mail of Love and Death {*Slow
                  | rPois Will+ Stlth+} (You found it on level 8 of the
                  | Dungeon)
 10771 | D:8      | Killed a two-headed ogre
 10772 | D:8      | Reached XP level 10. HP: 33/60 MP: 11/18
 11019 | D:8      | Learned a level 5 spell: Blade Hands
 11211 | D:8      | Reached ** piety under Cheibriados
 11420 | D:8      | Identified the +4 hand axe of Broken Luck {flame, Str+2}
                  | (You found it on level 8 of the Dungeon)
 11535 | D:9      | Found a sacrificial altar of Ru.
 11872 | D:9      | Found a stormy altar of Qazlal.
 11900 | D:9      | Found a staircase to the Lair.
 11938 | D:9      | Found a shimmering blue altar of Sif Muna.
 12122 | D:9      | Found an opulent altar of Gozag.
 12130 | D:9      | Found Gozag's Platinum Reserve.
 12204 | D:10     | Entered Level 10 of the Dungeon
 12211 | D:9      | Reached skill level 1 in Invocations
 12459 | D:10     | Noticed a brown ugly thing
 12478 | D:10     | Killed a brown ugly thing
 12515 | D:10     | Found a transporter.
 12560 | D:10     | Found a transporter.
 12586 | D:10     | Reached *** piety under Cheibriados
 12587 | D:10     | Reached XP level 11. HP: 48/67 MP: 20/20
 12704 | D:10     | Reached skill level 5 in Dodging
 12849 | D:10     | Found Ysow Aho's Book Emporium.
 13053 | D:10     | Noticed a two-headed ogre
 13067 | D:10     | Killed a two-headed ogre
 13633 | D:10     | Noticed Harold
 13648 | D:10     | Killed Harold
 14517 | D:11     | Reached **** piety under Cheibriados
 14540 | D:11     | Noticed a brown ugly thing
 14553 | D:11     | Killed a brown ugly thing
 14621 | D:11     | Noticed Psyche
 14630 | D:11     | Killed Psyche
 15511 | D:12     | Reached XP level 12. HP: 58/75 MP: 17/23
 15532 | D:12     | Noticed a boulder beetle
 15541 | D:12     | Mangled by a boulder beetle

Illustrated notes

Levels and vault maps discovered:
D:1:      dpeg_arrival_solitude, layout_basic
D:2:      cheibrodos_fertilizer, layout_basic
D:3:      layout_rooms, lemuel_doored_altar, zin_statuary,
          nzn_hepliaklqana_mist_gate, chequers_ecumenical_altar_simple_redux
D:4:      kennysheep_big_flooded_room, layout_basic,
          nicolae_overflow_crystal_walls, minivault_4, dk_vineyard_3
D:5:      layout_loops_ring, kennysheep_mini, gammafunk_ghost_necromancy,
          serial_shops, shop, kennysheep_generic_room_13
D:6:      layout_layer_cave, kiku_gazebo_garden_becter, uniq_eustachio
D:7:      layout_gridville, minmay_temple_entry_large_hall, serial_shops,
          kennysheep_little_box, serial_co_window_serial, co_window_paths_b,
          co_window_corner_a, co_window_corner_a, co_window_paths_a,
          co_window_paths_b, co_window_paths_a, co_window_paths_b,
          co_window_paths_b, co_window_cross_1, co_window_of_opportunity_b,
          co_window_corner_b, co_window_corner_b, co_window_corner_cb,
          co_window_unsneaky_path_d, co_window_paths_c, co_window_4corner_a,
          glass_columns_c, glass_columns_a, basic_altar, uniq_duvessa
D:8:      layout_gridville, amethyst_overflow_temple_binary,
          minmay_fire_ice_demons
D:9:      layout_cave_pools, nicolae_qazlal_general_emergency,
          nicolae_gozag_zags_fifth_avenue, lemuel_blue_sif_altar,
          nicolae_ru_awakened_eye
D:10:     layout_basic, gammafunk_ghost_hive, serial_shops,
          kennysheep_mini_moat, uniq_harold
D:11:     layout_roguey, minmay_misc_feat_doors, grunt_ministairs_10,
          hangedman_little_slice_of_home, uniq_psyche
D:12:     layout_gridville, kennysheep_orc_monster_closet_entryway,
          minmay_strange_pillars, eino_small_chamber_without_monster,
          minmay_the_grid_square_5x5_3x3_mashed
          [minmay_the_grid_square_5x5_inset,
          minmay_the_grid_square_5x5_minivault,
          minmay_the_grid_square_5x5_inverted_slash,
          minmay_the_grid_square_5x5_eight,
          minmay_the_grid_square_5x5_megaprize_open,
          minmay_the_grid_square_5x5_one_wall,
          minmay_the_grid_square_5x5_pentomino_r,
          minmay_the_grid_square_5x5_gyroscope,
          minmay_the_grid_square_5x5_spiral], uniq_sonja
Temple:   zaba_magenta_temple

Skill      XL: |  1  2  3  4  5  6  7  8  9 10 11 12 |
---------------+-------------------------------------+-----
Fighting       | 2 3 4 6 7 8 |  8.5
Stealth        | 1 2 3 4 5 6 7 8 |  8.0
Spellcasting   | 3 4 5 6 7 |  7.5
Poison Magic   | 1 2 3 4 5 |  5.0
Dodging        | 3 4 6 |  6.5
Transmutations | 3 4 5 6 |  6.7
Ice Magic      | 1 2 3 5 |  5.0
Unarmed Combat | 4 6 7 8 |  8.2
Invocations    | 2 4 |  4.7

Action                   |  1- 3 |  4- 6 |  7- 9 | 10-12 || total
-------------------------+-------+-------+-------+-------++-------
Melee: Unarmed           |    41 |    14 |   190 |   300 ||   545
       Kick              |     4 |       |     3 |       ||     7
       Headbutt          |     2 |       |       |       ||     2
       Short sword       |    45 |    99 |    65 |       ||   209
       Punch             |     1 |     1 |     1 |    19 ||    22
 Cast: Beastly Appendage |    11 |       |     1 |     1 ||    13
       Wereblood         |     1 |     2 |     5 |     8 ||    16
       Spider Form       |       |     2 |     3 |     4 ||     9
       Ice Form          |       |       |    11 |     3 ||    14
       Blade Hands       |       |       |       |    11 ||    11
Evoke: Wand              |       |       |       |     2 ||     2
  Use: Scroll            |     4 |     6 |    13 |     4 ||    27
       Potion            |       |       |     2 |     1 ||     3
 Stab: Sleeping          |    10 |    16 |    14 |    12 ||    52
       Distracted        |       |       |       |     2 ||     2
Armor: Robe              |     7 |    14 |    55 |    28 ||   104
       Skin              |       |       |    26 |    45 ||    71
Dodge: Dodged            |    69 |   103 |   276 |   243 ||   691
